 Dungeon Crawl Stone Soup version 0.30-a0-1043-g60ff8d5f49 (webtiles) character file.

Game seed: 5315044857221546355

68023 greenreed the Warrior (level 14, 0/144 HPs)
             Began as a Minotaur Fighter on Apr 9, 2023.
             Was a High Priest of Nemelex Xobeh.
             Slain by a hell rat (3 damage)
             ... on level 4 of the Lair of Beasts.
             The game lasted 00:45:16 (22392 turns).

greenreed the Warrior (Minotaur Fighter)           Turns: 22392, Time: 00:45:18

Health: 0/144      AC: 21    Str: 27    XL:     14   Next: 85%
Magic:  20/20      EV:  7    Int:  5    God:    Nemelex Xobeh [*****.]
Gold:   881        SH:  9    Dex: 12    Spells: 13/13 levels left

rFire   + + .      SeeInvis +    n - +3 hand axe "Laditon" {freeze, rPois Str+3 SInv}
rCold   . . .      Faith    .    c - +0 buckler
rNeg    . . .      Spirit   .    f - +0 plate armour
rPois   +          Reflect  +    (helmet restricted)
rElec   .          Rampage  .    g - +0 cloak
rCorr   .          Clarity  +    Y - +0 pair of gloves
Will    +....                    B - +0 pair of boots Stlth
                                 t - amulet of reflection
HPRegen 0.44/turn                v - ring of protection from fire
MPRegen 0.17/turn                I - ring of protection from fire

@: no status effects
A: horns 2, retaliatory headbutt, hooves 1, clarity
a: Renounce Religion, Draw Escape, Draw Destruction, Draw Summoning, Triple
Draw, Deal Four, Stack Five


You were on level 4 of the Lair of Beasts.
You worshipped Nemelex Xobeh.
Nemelex Xobeh was extremely pleased with you.
You visited 3 branches of the dungeon, and saw 19 of its levels.
You also visited: Sewer.

You collected 1349 gold pieces.
You spent 468 gold pieces at shops.

Inventory:

Hand Weapons
 a - a +0 war axe
 n - the +3 hand axe "Laditon" (weapon) {freeze, rPois Str+3 SInv}
   (You found it on level 3 of the Dungeon)

   Str:       It affects your strength (+3).
   rPois:     It protects you from poison.
   SInv:      It lets you see invisible.
 w - a +1 war axe of flaming
Missiles
 m - 5 boomerangs of dispersal (quivered)
Armour
 c - a +0 buckler (worn)
 f - a +0 plate armour (worn)
 g - a +0 cloak (worn)
 B - a +0 pair of boots (worn)
 Y - a +0 pair of gloves (worn)
Jewellery
 p - a ring of poison resistance
 t - an amulet of reflection (around neck)
 v - a ring of protection from fire (left hand)
 x - a +6 ring of intelligence
 C - a ring of resist corrosion
 I - a ring of protection from fire (right hand)
 V - an amulet of regeneration
 X - a ring of protection from cold
 Z - a +4 ring of protection
Wands
 l - a wand of iceblast (9)
 s - a wand of flame (9)
 u - a wand of charming (31)
 y - a wand of polymorph (14)
 N - a wand of mindburst (20)
 O - a wand of quicksilver (7)
Scrolls
 d - 4 scrolls of enchant armour
 e - 4 scrolls of noise
 h - 4 scrolls of amnesia
 i - 5 scrolls of poison
 j - 3 scrolls of fog
 r - a scroll of magic mapping
 D - a scroll of brand weapon
 F - 2 scrolls of blinking
 J - 3 scrolls of teleportation
 L - a scroll of fear {unknown}
 M - 3 scrolls of vulnerability
 U - a scroll of acquirement {unknown}
Potions
 b - 6 potions of degeneration
 k - 6 potions of lignification
 o - a potion of haste
 q - 5 potions of magic
 z - a potion of flight
 A - a potion of mutation {unknown}
 E - a potion of invisibility {unknown}
 G - a potion of ambrosia
 H - 3 potions of might
 P - 2 potions of brilliance
 Q - 2 potions of curing
 R - a potion of cancellation {unknown}
 T - a potion of attraction {unknown}
Miscellaneous
 K - a phantom mirror


   Skills:
 * Level 18.7 Fighting
 * Level 18.6 Axes
 + Level 13.8 Armour
 - Level 3.6 Shields
 + Level 10.0 Invocations


You had 13 spell levels left.
You didn't know any spells.
Your spell library contained the following spells:

 Spells                   Type           Power      Damage    Failure   Level
 Sandblast                Erth           0%         2d4       99%         1
 Ensorcelled Hibernation  Hex/Ice        0%         N/A       100%        2
 Passwall                 Tmut/Erth      0%         N/A       100%        2
 Stone Arrow              Conj/Erth      0%         3d7       100%        3
 Swiftness                Air            0%         N/A       100%        3
 Alistair's Intoxication  Tmut/Pois      0%         N/A       100%        5
 Borgnjor's Vile Clutch   Necr/Erth      0%         N/A       100%        5
 Fireball                 Conj/Fire      0%         3d3       100%        5
 Iskenderun's Battlesphe  Conj           0%         2d6       100%        5
 Conjure Ball Lightning   Conj/Air       0%         3x3d6     100%        6
 Eringya's Noxious Bog    Tmut/Pois      0%         N/A       100%        6
 Orb of Destruction       Conj           0%         9d5       100%        7


Dungeon Overview and Level Annotations

Branches:
Dungeon (14/15)            Temple (1/1) D:5            Lair (4/5) D:11
  Swamp (0/4) Lair:2       Spider (0/4) Lair:2          Orc (0/2) D:11
 Vaults (0/5) D:13          Sewer (visited)
  Slime: Lair:4-5

Altars:
Ashenzari
Cheibriados
Dithmenos
Elyvilon
Fedhas
Gozag
Hepliaklqana
Kikubaaqudgha
Makhleb
Nemelex Xobeh
Okawaru
Qazlal
Ru
Sif Muna
Trog
Uskayaw
Vehumet
Wu Jian
Xom
Yredelemnul
Zin
The Shining One

Shops:
D:2 [   D:9 ?   D:14 =

Portals:
Abyss: Lair:4

Annotations:
Lair:4 2 transporters, promet's ghost, journeyman OgWn


Innate Abilities, Weirdness & Mutations

You have a pair of horns on your head.
You reflexively headbutt those who attack you in melee.
You have large cloven feet.
You possess an exceptional clarity of mind.


Message History

The basilisk gazes at you.
You easily resist.
The hell rat bites you!
* * * LOW HITPOINT WARNING * * *
The hell rat bites you.
* * * LOW HITPOINT WARNING * * *
The basilisk bites you!
* * * LOW HITPOINT WARNING * * *
The hell rat bites you!
* * * LOW HITPOINT WARNING * * *
The hell rat bites you but does no damage.
The basilisk bites you!
* * * LOW HITPOINT WARNING * * *
The hell rat bites you but does no damage. x2
The basilisk bites you!
* * * LOW HITPOINT WARNING * * *
The hell rat bites you but does no damage.
The hell rat bites you.
* * * LOW HITPOINT WARNING * * *
The hell rat bites you.
The hell rat bites you but does no damage.
The basilisk bites you.
* * * LOW HITPOINT WARNING * * *
The hell rat barely misses you.
The hell rat bites you but does no damage.
The basilisk gazes at you. The hell rat barely misses you.
The hell rat bites you!
* * * LOW HITPOINT WARNING * * *
The basilisk gazes at you.
You easily resist.
You turn to flesh and can move again.
Unknown command.
You draw a card...
You have drawn the Elements.
The hell rat bites you but does no damage.
The hell rat bites you!
* * * LOW HITPOINT WARNING * * *
The basilisk bites you but does no damage.
You block the hell rat's attack. The hell rat bites you.
You die...
Your body glows with a rainbow of weird colours and disappears.

##...###...........
#..####...........
#...##............
#..#......####..P#
##..<...###.# #####
#......## ##
##h....# ##..9..#
#†@...## #rrl#..#
...Y##...#
...########.. .....
.. ####


You could see a basilisk (ally target), 2 hell rats, a friendly catoblepas
(summoned), a friendly polar bear (summoned) and a friendly molten gargoyle
(summoned).

Vanquished Creatures
  Rupert (D:13)
  4 hydras
  4 centaur warriors
  Erica (D:10)
  2 dancing weapons (D:13)
  6 two-headed ogres
  7 death yaks (Lair:3)
  Nergalle (D:12)
  3 tengu warriors
  Urug (Lair:3)
  Sonja (D:13)
  A deep elf knight (D:10)
  Pikel (D:5)
  A deep elf pyromancer (D:14)
  An orc knight (D:10)
  A wolf spider zombie (D:12)
  A lindwurm (Lair:1)
  3 cyclopes
  A shining eye (Lair:3)
  4 ugly things
  A moth of wrath (Lair:3)
  2 manticores (Lair:3)
  3 elephants (Lair:4)
  6 black mambas
  15 centaur zombies (D:12)
  Joseph (D:7)
  3 cane toads
  Maggie (D:6)
  2 unseen horrors
  Psyche (D:12)
  A kobold demonologist (D:12)
  4 rime drakes
  2 tengu conjurers
  4 komodo dragons
  8 trolls
  A polar bear (Lair:2)
  A tarantella (shapeshifter) (D:12)
  4 blink frogs
  Grinder (D:3)
  Prince Ribbit (D:8)
  4 meliai zombies (D:12)
  3 slime creatures (D:12)
  6 shadows (D:12)
  2 wraiths
  8 vampires
  32 yaks
  10 wyverns
  Eustachio (D:5)
  8 basilisks
  10 vampire mosquitoes
  Menkaure (D:5)
  3 steam dragons
  An acid dragon (D:13)
  Duvessa (D:6)
  A hell hound (Lair:4)
  8 water moccasins
  3 black bears
  Pargi (Sewer)
  A sky beast (D:8)
  6 orc warriors
  3 ice beasts
  A swamp drake (Lair:3)
  4 ogres
  18 centaurs
  8 wolves
  5 kobold brigands
  2 lemures (D:5)
  The ghost of cdice the Conjurer, an amateur DERe (D:3)
  11 bullfrogs
  2 scorpions
  A gnoll sergeant (D:9)
  11 wights
  Dowan (D:6)
  The ghost of LobsterGuardian the Sneak, a weakling DsDe of Qazlal (D:6)
  13 killer bees
  5 howler monkeys
  5 electric eels (Lair:2)
  3 hounds (D:5)
  6 orc priests
  A jelly (D:6)
  2 gnoll boudas
  A sleepcap (D:5)
  Crazy Yiuf (D:4)
  Natasha (thrice) (D:4)
  3 iguanas (D:5)
  15 orc wizards
  4 boggart zombies (D:12)
  7 hell rats
  10 adders
  11 gnolls
  3 white imps
  2 ufetubi (D:5)
  2 worms (D:2)
  3 dart slugs
  48 orcs
  2 bats (D:2)
  7 endoplasms
  7 giant cockroaches
  5 goblins
  7 hobgoblins
  23 kobolds
  2 quokkas
  3 ball pythons
  2 frilled lizards (D:2)
  2 rats (D:1)
494 creatures vanquished.

Vanquished Creatures (collateral kills)
  A centaur warrior (D:13)
  A deep elf knight (D:10)
  Lodul (D:11)
  An orc knight (D:10)
  A cyclops (D:12)
  A centaur zombie (D:12)
  2 shadows (D:12)
  2 wyverns (Lair:4)
  A wraith (D:12)
  2 vampires
  A basilisk (Lair:4)
  2 centaurs (D:13)
  5 ogres (D:11)
  3 wights (D:10)
  A hell rat (Lair:4)
  An orc wizard (D:10)
  2 orcs (D:10)
28 creatures vanquished.

Vanquished Creatures (others)
  9 fungi
  25 plants
  12 withered plants (D:12)
46 creatures vanquished.

Grand Total: 568 creatures vanquished

Notes
Turn   | Place    | Note
-------+----------+-------------------------------------------
     0 | D:1      | greenreed the Minotaur Fighter began the quest for the Orb.
     0 | D:1      | Reached XP level 1. HP: 19/19 MP: 0/0
   567 | D:2      | Found Buusadu's Armour Boutique.
   631 | D:2      | Reached XP level 2. HP: 20/27 MP: 1/1
   977 | D:2      | Reached XP level 3. HP: 29/33 MP: 2/2
  1239 | D:2      | Found a faded altar of an unknown god.
  2084 | D:3      | Found a runed translucent door.
  2091 | D:3      | Noticed cdice's ghost (amateur DERe)
  2101 | D:3      | Reached XP level 4. HP: 39/41 MP: 3/3
  2102 | D:3      | Killed cdice's ghost
  2103 | D:3      | Reached skill level 5 in Fighting
  2103 | D:3      | Reached XP level 5. HP: 46/48 MP: 4/4
  2391 | D:3      | Noticed Grinder
  2396 | D:3      | Paralysed by Grinder for 5 turns
  2408 | D:3      | Killed Grinder
  2409 | D:3      | Reached skill level 5 in Axes
  2409 | D:3      | Reached skill level 5 in Armour
  2409 | D:3      | Reached XP level 6. HP: 13/57 MP: 5/5
  2861 | D:3      | Identified the +3 hand axe "Laditon" {freeze, rPois Str+3
                  | SInv}
  3148 | D:4      | Reached XP level 7. HP: 51/64 MP: 6/6
  3216 | D:4      | Found an iron altar of Okawaru.
  3376 | D:4      | Found a runed translucent door.
  3377 | D:4      | Noticed Crazy Yiuf
  3852 | D:4      | Noticed Natasha
  3855 | D:4      | Killed Natasha
  3961 | D:4      | Noticed Natasha
  3969 | D:4      | Killed Natasha
  3989 | D:4      | Killed Crazy Yiuf
  4148 | D:4      | Noticed Natasha
  4151 | D:4      | Killed Natasha
  4158 | D:5      | Entered Level 5 of the Dungeon
  4181 | D:5      | Reached XP level 8. HP: 73/74 MP: 7/7
  4221 | D:5      | Noticed Pikel
  4237 | D:5      | Killed Pikel
  4429 | D:5      | Noticed Menkaure
  4440 | D:5      | Killed Menkaure
  4727 | D:5      | Found a staircase to the Ecumenical Temple.
  4742 | Temple   | Entered the Ecumenical Temple
  4742 | Temple   | Found a transporter.
  4742 | Temple   | Found a transporter.
  4747 | Temple   | Found a transporter.
  4747 | Temple   | Found a transporter.
  4794 | Temple   | Became a worshipper of Nemelex Xobeh the Trickster
  4842 | D:5      | Noticed Eustachio
  4853 | D:5      | Killed Eustachio
  5078 | D:5      | Reached skill level 1 in Invocations
  5171 | D:5      | Reached XP level 9. HP: 84/84 MP: 8/8
  5265 | D:5      | Found a hide-covered altar of Uskayaw.
  5428 | D:6      | Noticed Duvessa
  5431 | D:6      | Noticed Dowan
  5437 | D:6      | Killed Duvessa
  5446 | D:6      | Killed Dowan
  5476 | D:6      | Reached skill level 10 in Fighting
  5484 | D:6      | Found a glowing drain.
  5487 | D:6      | Reached * piety under Nemelex Xobeh
  5512 | Sewer    | Entered a sewer
  5584 | Sewer    | Noticed Pargi
  5590 | Sewer    | Killed Pargi
  5662 | D:6      | Found a bloodstained altar of Trog.
  5699 | D:6      | Noticed Maggie
  5709 | D:6      | Killed Maggie
  5710 | D:6      | Reached skill level 10 in Axes
  5745 | D:6      | Found a blossoming altar of Fedhas.
  5778 | D:6      | Found a runed translucent gate.
  5778 | D:6      | Found a runed translucent gate.
  5778 | D:6      | Found a runed translucent gate.
  5779 | D:6      | Noticed LobsterGuardian's ghost (weakling DsDe)
  5780 | D:6      | Noticed a troll
  5987 | D:6      | Found a basalt altar of Yredelemnul.
  6089 | D:6      | Killed a troll
  6095 | D:6      | Killed LobsterGuardian's ghost
  6593 | D:7      | Received a gift from Nemelex Xobeh
  6642 | D:7      | Noticed Joseph
  6646 | D:7      | Killed Joseph
  6647 | D:7      | Reached XP level 10. HP: 88/96 MP: 11/11
  6975 | D:8      | Noticed Prince Ribbit
  6991 | D:8      | Killed Prince Ribbit
  7402 | D:8      | Reached ** piety under Nemelex Xobeh
  7615 | D:9      | Received a gift from Nemelex Xobeh
  7822 | D:9      | Found a burning altar of Makhleb.
  7823 | D:9      | Found an ornate altar of the Wu Jian Council.
  7836 | D:9      | Found a snail-covered altar of Cheibriados.
  7840 | D:9      | Found a broken altar of Ashenzari.
  8180 | D:9      | Found Peguj's Magic Scroll Boutique.
  8181 | D:9      | Noticed a two-headed ogre
  8192 | D:9      | Killed a two-headed ogre
  8386 | D:9      | Reached skill level 5 in Invocations
  8459 | D:9      | Reached XP level 11. HP: 79/105 MP: 13/13
  9028 | D:9      | Bought a scroll of identify for 24 gold pieces
  9028 | D:9      | Bought a scroll of identify for 24 gold pieces
  9028 | D:9      | Bought a scroll of teleportation for 36 gold pieces
  9028 | D:9      | Bought a scroll of identify for 24 gold pieces
  9198 | D:10     | Entered Level 10 of the Dungeon
  9205 | D:10     | Noticed Erica
  9205 | D:10     | Noticed a deep elf knight
  9205 | D:10     | Noticed a +4 demon blade
  9205 | D:10     | Noticed a deep elf knight
  9213 | D:10     | Killed Erica
  9213 | D:10     | Noticed an orc knight
  9218 | D:10     | Killed a deep elf knight
  9226 | D:10     | Killed a deep elf knight
  9251 | D:10     | Killed an orc knight
  9263 | D:10     | Noticed an orc knight
  9283 | D:10     | Killed an orc knight
  9415 | D:10     | Received a gift from Nemelex Xobeh
  9415 | D:10     | Reached *** piety under Nemelex Xobeh
  9465 | D:10     | Reached skill level 10 in Armour
  9635 | D:10     | Noticed a two-headed ogre
  9646 | D:10     | Killed a two-headed ogre
 10144 | D:10     | Found a sacrificial altar of Ru.
 10199 | D:10     | Noticed a two-headed ogre
 10211 | D:10     | Killed a two-headed ogre
 10275 | D:10     | Found an opulent altar of Gozag.
 10276 | D:10     | Received a gift from Nemelex Xobeh
 10572 | D:11     | Found a staircase to the Lair.
 10665 | D:11     | Noticed a two-headed ogre
 10672 | D:11     | Killed a two-headed ogre
 10808 | D:11     | Received a gift from Nemelex Xobeh
 10912 | D:11     | Reached XP level 12. HP: 103/118 MP: 15/15
 10962 | D:11     | You fall into a shaft and drop 2 floors!
 10974 | D:13     | Noticed a centaur warrior
 10992 | D:13     | Killed a centaur warrior
 11153 | D:13     | Reached **** piety under Nemelex Xobeh
 11154 | D:13     | Noticed a two-headed ogre
 11167 | D:13     | Killed a two-headed ogre
 11170 | D:13     | Noticed a tengu warrior
 11188 | D:13     | Killed a tengu warrior
 11372 | D:13     | Noticed a centaur warrior
 11393 | D:13     | Killed a centaur warrior
 11511 | D:13     | Noticed a centaur warrior
 11521 | D:13     | Killed a centaur warrior
 11799 | D:13     | Noticed a two-headed ogre
 11809 | D:13     | Killed a two-headed ogre
 11810 | D:13     | Reached skill level 15 in Fighting
 11870 | D:13     | Noticed a tengu warrior
 11891 | D:13     | Killed a tengu warrior
 12075 | D:13     | Noticed Rupert
 12075 | D:13     | Paralysed by Rupert for 2 turns
 12222 | D:12     | Reached skill level 15 in Axes
 12487 | D:12     | Identified the +1 trident of the Aged Beds {elec, rElec
                  | Will+}
 12791 | D:13     | Noticed Sonja
 12811 | D:13     | Killed Sonja
 13066 | D:13     | Received a gift from Nemelex Xobeh
 13196 | D:13     | Found a gate to the Vaults.
 13216 | D:13     | Noticed a centaur warrior
 13239 | D:13     | Killed a centaur warrior
 13742 | D:12     | Noticed Nergalle
 13759 | D:12     | Killed Nergalle
 13794 | D:12     | Found a glowing silver altar of Zin.
 13850 | D:12     | Received a gift from Nemelex Xobeh
 13867 | D:12     | Reached XP level 13. HP: 128/128 MP: 17/17
 15044 | D:12     | Noticed Psyche
 15056 | D:12     | Killed Psyche
 15458 | D:11     | Found a staircase to the Orcish Mines.
 15479 | D:11     | Noticed Lodul
 15507 | D:11     | Killed Lodul
 15745 | D:11     | Received a gift from Nemelex Xobeh
 16092 | D:13     | Killed Rupert
 16360 | D:14     | Reached ***** piety under Nemelex Xobeh
 16954 | D:14     | Found Faityvve's Jewellery Shop.
 17136 | D:14     | Bought an amulet of reflection for 360 gold pieces
 17672 | Lair:1   | Entered Level 1 of the Lair of Beasts
 17802 | Lair:1   | Reached XP level 14. HP: 124/140 MP: 19/19
 18064 | Lair:1   | Received a gift from Nemelex Xobeh
 18346 | Lair:1   | Received a gift from Nemelex Xobeh
 19168 | Lair:2   | Received a gift from Nemelex Xobeh
 19569 | Lair:2   | Found a staircase to the Swamp.
 19642 | Lair:2   | Found a hole to the Spider Nest.
 19649 | Lair:2   | Received a gift from Nemelex Xobeh
 20497 | Lair:3   | Received a gift from Nemelex Xobeh
 20605 | Lair:3   | Noticed Urug
 20626 | Lair:3   | Killed Urug
 21576 | Lair:3   | Gained mutation: You have large cloven feet. [a shining
                  | eye]
 21578 | Lair:3   | Gained mutation: You possess an exceptional clarity of
                  | mind. [a shining eye]
 22123 | Lair:4   | Noticed promet's ghost (journeyman OgWn)
 22130 | Lair:4   | Found a transporter.
 22131 | Lair:4   | Found a one-way gate to the infinite horrors of the Abyss.
 22141 | Lair:4   | Found a transporter.
 22352 | Lair:4   | Reached skill level 10 in Invocations
 22392 | Lair:4   | HP: 3/144 [hell rat (12)]
 22392 | Lair:4   | Slain by a hell rat

Illustrated notes

Levels and vault maps discovered:
D:1:      sevenhm_arrival_forest_fort_small_6, layout_basic
D:2:      layout_basic, shapermc_ecumenical_altar_venn, serial_shops,
          nicolae_shop_behind_doors
D:3:      layout_basic, ebering_ghost_sewer_d, minmay_goblin_kobold_house,
          uniq_grinder
D:4:      layout_loops_corners, okawaru_gym_becter, uniq_natasha,
          uniq_crazy_yiuf_cottage
D:5:      layout_loops_corners, nicolae_uskayaw_murder_on_the_dancefloor,
          minmay_temple_entry_arrows, uniq_pikel, uniq_menkaure, uniq_eustachio
D:6:      layout_cave_pools, fedhas_altar_4, mainiacjoe_overflow_chevrons,
          lemuel_round_altar, gup_sewer_entry_glass, gammafunk_ghost_split,
          chequers_jeans, uniq_duvessa, uniq_maggie
D:7:      layout_gridville, nrook_loot_triangle, nicolae_titane, uniq_joseph
D:8:      layout_gridville, uniq_prince_ribbit1
D:9:      lemuel_troll_bridge, layout_layer_cave,
          chequers_temple_overflow_statue_of_worship,
          hangedman_abyss_or_decor_lesser_grid, nicolae_inconvenience_store
D:10:     layout_roguey, nicolae_gozag_seed_capital,
          nicolae_overflow_crystal_walls, enter_bailey_5, sword_in_stone
D:11:     nicolae_cairo_tiling, layout_loops_ring, uniq_lodul
D:12:     layout_roguey, serial_undead, serial_undead_f, serial_undead_d,
          serial_undead_e, serial_undead_e, serial_undead_f, serial_undead_a,
          serial_undead_e, serial_undead_c, serial_undead_d, serial_undead_d,
          minmay_misc_feat_tower, zin_academy, uniq_psyche, uniq_nergalle
D:13:     layout_irregular_city, erik_vaults_1, minmay_misc_feat_cross,
          uniq_sonja, uniq_rupert
D:14:     layout_roguey, serial_shops, nicolae_shop_crystal,
          argonaut_gorgonesque
Temple:   hellmonk_temple_divided_pantheon
Lair:1:   layout_concentric_octagons, dreamdust_gnoll_shepherd,
          grunt_megastairs_1
Lair:2:   layout_hall_layers, minmay_swamp_entry_swarm,
          spider_nest_entry_web_field, serial_bayou, serial_bayou_lake_a,
          serial_bayou_pond_b, serial_bayou_ford_a, infiniplex_staircase_pool_2
Lair:3:   layout_roguey, nicolae_lair_lakeside_cave, uniq_urug
Lair:4:   layout_cave_pods, slime_entry_2, special_room
          [special_room_mythical_zoo], gammafunk_ghost_abyssal_escape

Skill      XL: |  1  2  3  4  5  6  7  8  9 10 11 12 13 14 |
---------------+-------------------------------------------+-----
Fighting       | 4 5 6 7 9 11 12 14 15 17 18 | 18.7
Axes           | 3 4 5 6 7 9 10 12 14 15 17 18 | 18.6
Armour         | 4 5 6 7 8 9 10 11 12 13 | 13.8
Invocations    | 1 3 5 6 7 9 10 | 10.0
Shields        | |  3.6

Action                     |  1- 3 |  4- 6 |  7- 9 | 10-12 | 13-15 || total
---------------------------+-------+-------+-------+-------+-------++-------
  Melee: War axe           |    73 |    38 |    25 |     1 |    44 ||   181
         Headbutt          |     6 |     9 |    41 |   140 |   251 ||   447
         Hand axe          |       |    16 |   229 |   562 |   799 ||  1606
 Invoke: Draw Destruction  |       |       |     1 |     7 |    18 ||    26
         Draw Summoning    |       |       |       |     7 |     6 ||    13
         Draw Escape       |       |       |       |     1 |     1 ||     2
  Evoke: Wand              |       |       |     7 |     5 |     3 ||    15
    Use: Potion            |       |     1 |     2 |     3 |     3 ||     9
         Scroll            |       |       |       |     9 |     6 ||    15
 Armour: Plate armour      |    41 |    26 |   126 |   333 |   495 ||  1021
         Scale mail        |     2 |       |       |       |       ||     2
         Skin              |       |       |     2 |       |       ||     2
  Dodge: Dodged            |    18 |    17 |    50 |   153 |   181 ||   419
  Block: Buckler           |    15 |     9 |    56 |   107 |   250 ||   437
         Reflection        |       |       |       |       |     1 ||     1

Table legend: (Time is in decaauts)
 A = Elapsed time spent in this place.
 B = Non-inter-level travel time spent in this place.
 C = Inter-level travel time spent in this place.
 D = Time resting spent in this place.
 E = Time spent auto-exploring this place.
 F = Levels seen in this place.
 G = Mean time per level.
                   A        B        C        D        E       F      G
               +--------+--------+--------+--------+--------+-----+--------+
         Total |  21972 |  21252 |    720 |   2402 |  15720 |  20 | 1098.6 |
       Dungeon |  17170 |  16543 |    627 |   1961 |  12258 |  14 | 1226.4 |
        Temple |     65 |     48 |     17 |      0 |      9 |   1 |   65.0 |
          Lair |   4606 |   4530 |     76 |    441 |   3359 |   4 | 1151.5 |
         Sewer |    129 |    129 |      0 |      0 |     94 |   1 |  129.0 |
               +--------+--------+--------+--------+--------+-----+--------+

Top non-repeatable levels by time:
    D:13: 3074 daAuts
  Lair:3: 1872 daAuts
    D:12: 1818 daAuts
     D:9: 1571 daAuts
     D:2: 1442 daAuts
  Lair:2: 1393 daAuts
    D:10: 1308 daAuts
     D:4: 1233 daAuts
     D:5: 1137 daAuts
    D:11: 1131 daAuts
  Lair:1: 974 daAuts
     D:3: 970 daAuts
     D:6: 878 daAuts
    D:14: 846 daAuts
     D:8: 688 daAuts
